 Dungeon Crawl Stone Soup version 0.27-a0-343-gfcad680f63 (console) character file.

Game seed: 13380444606118918839

754 jejorda2 the Cleaver (level 7, -1/63 HPs)
             Began as a Hill Orc Berserker on Feb 15, 2021.
             Was a Believer of Trog.
             Slain by an orc wizard
             ... wielding a +0 dagger
              (3 damage)
             ... on level 4 of the Dungeon.
             The game lasted 00:11:02 (4533 turns).

jejorda2 the Cleaver (Hill Orc Berserker)           Turns: 4533, Time: 00:11:03

Health: -1/63      AC: 10    Str: 22    XL:     7   Next: 79%
Magic:  7/7        EV: 11    Int:  7    God:    Trog [**....]
Gold:   62         SH:  0    Dex: 10    Spells: 6/6 levels left

rFire    + . .     SeeInvis .   a - +1 battleaxe (venom)
rCold    + + .     Faith    .   (shield currently unavailable)
rNeg     . . .     Spirit   .   d - +0 ring mail
rPois    +         Reflect  .   f - +1 helmet
rElec    +         Harm     .   m - +0 cloak
rCorr    +         Rampage  .   g - +0 pair of gloves
Will     .....                  (no boots)
Stlth    ..........             (no amulet)
HPRegen  0.20/turn              b - ring of protection from cold
MPRegen  0.10/turn              (no ring)

@: lethally poisoned (-1 -> -25), resistant, berserk cooldown, slowed, very slow
A: no striking features
a: Renounce Religion, Berserk, Trog's Hand


You were on level 4 of the Dungeon.
You worshipped Trog.
Trog was pleased with you.
You visited 1 branch of the dungeon, and saw 5 of its levels.

You collected 269 gold pieces.
You spent 207 gold pieces at shops.

Inventory:

Hand Weapons
 a - a +1 battleaxe of venom (weapon)
 o - a +1 vorpal flail
 s - a +0 war axe
Missiles
 h - 11 poisoned darts (quivered)
Armour
 d - a +0 ring mail (worn)
 f - a +1 helmet (worn)
 g - a +0 pair of gloves (worn)
 m - a +0 cloak (worn)
 q - a +0 scale mail
Jewellery
 b - a ring of protection from cold (left hand)
 k - a ring of ice
Scrolls
 e - 6 scrolls of identify
Potions
 c - 2 potions of curing {unknown}
 i - a potion of resistance
 j - a potion of heal wounds {unknown}
 l - a potion of ambrosia {unknown}
 n - a potion of degeneration {unknown}
 p - a potion of flight


   Skills:
 + Level 6.1 Fighting
 * Level 8.8 Axes
 + Level 5.0 Armour
 - Level 1.5 Dodging


You had 6 spell levels left.
You didn't know any spells.
Your spell library was empty.

Dungeon Overview and Level Annotations

Branches:
Dungeon (5/15)             Temple (0/1) D:4

Altars:
Cheibriados
Hepliaklqana
Kikubaaqudgha
Okawaru
Uskayaw

Shops:
D:4 (


Message History

The scorpion stings you but does no damage.
The orc priest looks satisfied for a moment.
You see here a +0 giant spiked club.
The scorpion barely misses you. The jelly barely misses you.
There is a stone staircase leading up here.
The orc wizard misses you. The scorpion stings you.
You are poisoned.
The scorpion poisons you! The jelly hits you but does no damage.
The orc wizard barely misses you.
You climb upwards.
You feel very sick.
There is a stone staircase leading down here.
You bump into the rock wall.
You feel sick. The scorpion stings you. The jelly completely misses you.
The orc wizard hits you but does no damage.
The scorpion stings you.
You are more poisoned.
The scorpion poisons you! The jelly closely misses you.
Unknown command.
You closely miss the scorpion. You miss the orc wizard. You slash the jelly!
Your hands burn!
You feel less confused.
You feel very sick. The orc wizard casts a spell at you.
The puff of flame hits you! The scorpion stings you.
* * * LOW HITPOINT WARNING * * *
You are lethally poisoned!
The scorpion poisons you! The jelly hits you.
* * * LOW HITPOINT WARNING * * *
You are splashed with acid!
* * * LOW HITPOINT WARNING * * *
The orc wizard hits you but does no damage.
The scorpion stings you but does no damage.
The jelly closely misses you.
It was a potion of resistance.
You feel protected.
* * * LOW HITPOINT WARNING * * *
You feel very sick.
The orc wizard hits you with a +0 dagger.
You die...

#### #...# #..# ###...##
...###### #......#
...#....###.....#####
.#..............#...#
.#.##.#.............###
...####...............####
.........#..#..o.....###.##
#.......##.##...@s).###...# ###
#........#......J#...#....# ##.#
...<............<##.......###..##
.................................
#.≈.≈..........................##
#≈≈.≈≈..#....##..............###
#≈≈∩≈≈..####.##...............)#
#≈≈≈≈≈...##..#.................##
#.≈≈≈....#..##..................#


You could see a scorpion, a jelly and an orc wizard.

Vanquished Creatures
  A sky beast (D:3)
  3 ogres
  A howler monkey (D:4)
  A hound (D:4)
  A bullfrog skeleton (D:5)
  A centaur skeleton (D:4)
  An orc wizard (D:4)
  Robin (D:2)
  3 gnolls (D:2)
  9 adders
  A river rat (D:4)
  A white imp (D:3)
  2 oozes
  2 worms
  4 dart slugs
  2 leopard geckos (D:4)
  3 orcs
  A ball python (D:4)
  2 bats
  12 giant cockroaches
  16 goblins
  12 hobgoblins
  3 jackals
  8 kobolds
  4 frilled lizards
  9 rats
104 creatures vanquished.

Vanquished Creatures (others)
  6 fungi (D:3)
  3 toadstools (D:3)
9 creatures vanquished.

Grand Total: 113 creatures vanquished

Notes
Turn   | Place    | Note
-------+----------+-------------------------------------------
     0 | D:1      | jejorda2 the Hill Orc Berserker began the quest for the
                  | Orb.
     0 | D:1      | Reached XP level 1. HP: 19/19 MP: 1/1
    88 | D:1      | Reached XP level 2. HP: 8/27 MP: 2/2
   600 | D:1      | Reached XP level 3. HP: 21/33 MP: 3/3
   882 | D:1      | Reached skill level 5 in Axes
  1257 | D:2      | Reached ** piety under Trog
  1409 | D:2      | Noticed Robin
  1419 | D:2      | Reached XP level 4. HP: 40/40 MP: 4/4
  1422 | D:2      | Killed Robin
  1816 | D:2      | Reached skill level 6 in Axes
  1816 | D:2      | Reached XP level 5. HP: 34/47 MP: 5/5
  2728 | D:3      | Noticed a sky beast
  2740 | D:3      | Killed a sky beast
  2741 | D:3      | Reached skill level 5 in Fighting
  2741 | D:3      | Reached skill level 7 in Axes
  2741 | D:3      | Reached XP level 6. HP: 56/56 MP: 6/6
  2804 | D:3      | Noticed a +0 hand axe
  2805 | D:3      | Noticed a +0 hand axe
  2806 | D:3      | Found a hide-covered altar of Uskayaw.
  3084 | D:3      | Found a snail-covered altar of Cheibriados.
  3087 | D:3      | Found an iron altar of Okawaru.
  3090 | D:3      | Found an ancient bone altar of Kikubaaqudgha.
  3607 | D:4      | Found Ublaunued's Weapon Shoppe.
  3612 | D:4      | Bought a +1 battleaxe of venom for 207 gold pieces
  3698 | D:4      | Found a staircase to the Ecumenical Temple.
  3808 | D:4      | Reached XP level 7. HP: 61/61 MP: 7/7
  3830 | D:4      | Reached skill level 8 in Axes
  4152 | D:4      | Found a hazy altar of Hepliaklqana.
  4510 | D:5      | Entered Level 5 of the Dungeon
  4525 | D:5      | Reached skill level 5 in Armour
  4533 | D:4      | HP: 2/63 [poisoned by a scorpion]
  4533 | D:4      | Slain by an orc wizard

Illustrated notes

Levels and vault maps discovered:
D:1:      minmay_arrival_doors, layout_loops_ring, st_stairs_3,
          minmay_misc_feat_rows, minmay_vboxes
D:2:      layout_loops_cross, uniq_robin
D:3:      layout_basic, grunt_temple_overflow_diamond, dancing_weapons_uskayaw,
          chequers_serial_rivers_large_a, minmay_gold_behind_fungi
D:4:      minmay_bubble_buster, layout_cave_pools, nzn_hepliaklqana_mist_gate,
          minmay_temple_entry_antechambers, gup_sewer_entry_spiral,
          serial_shops, nicolae_shop_waterfront
D:5:      layout_cave_pools, serial_bayou_lagoon_b

Skill      XL: |  1  2  3  4  5  6  7 |
---------------+----------------------+-----
Fighting       | 4 5 6 |  6.1
Axes           | 5 6 7 8 |  8.8
Armour         | 3 4 5 |  5.0
Dodging        | |  1.5

Action                   |  1- 3 |  4- 6 |  7- 9 || total
-------------------------+-------+-------+-------++-------
Melee: Hand axe          |   113 |   120 |       ||   233
       Battleaxe         |       |     8 |    46 ||    54
Throw: Dart              |       |    10 |       ||    10
Invok: Berserk           |     2 |     5 |     1 ||     8
       Trog's Hand       |     1 |       |     1 ||     2
  Use: Scroll            |       |     3 |       ||     3
       Potion            |       |       |     1 ||     1
Armor: Animal skin       |     2 |       |       ||     2
       Ring mail         |    25 |    36 |    23 ||    84
Dodge: Dodged            |    63 |    63 |    41 ||   167

Table legend: (Time is in decaauts)
 A = Elapsed time spent in this place.
 B = Non-inter-level travel time spent in this place.
 C = Inter-level travel time spent in this place.
 D = Time resting spent in this place.
 E = Time spent auto-exploring this place.
 F = Levels seen in this place.
 G = Mean time per level.
                   A        B        C        D        E       F      G
               +--------+--------+--------+--------+--------+-----+--------+
         Total |   4678 |   4343 |    335 |    437 |   2896 |   5 |  935.6 |
       Dungeon |   4678 |   4343 |    335 |    437 |   2896 |   5 |  935.6 |
               +--------+--------+--------+--------+--------+-----+--------+

Top non-repeatable levels by time:
     D:2: 1336 daAuts
     D:1: 1247 daAuts
     D:3: 1107 daAuts
     D:4: 967 daAuts
     D:5: 19 daAuts
